 Dungeon Crawl Stone Soup version 0.30.0-18-gc0e69614cb (webtiles) character file.

Game seed: 3960342414551746037

3535 Jackthecabe the Reanimator (level 9, -14/69 HPs)
             Began as a Mummy Necromancer on May 24, 2023.
             Was a Follower of Ashenzari.
             Killed from afar by a steam dragon (21 damage)
             ... with a ball of steam
             ... on level 9 of the Dungeon.
             The game lasted 00:20:45 (10046 turns).

Jackthecabe the Reanimator (Mummy Necromancer)     Turns: 10046, Time: 00:20:45

Health: -14/69     AC:  6    Str: 12    XL:     9   Next: 82%
Magic:  3/13       EV: 11    Int: 20    God:    Ashenzari [*.....]
Gold:   539        SH:  0    Dex: 12    Spells: 6/14 levels left

rFire   . . .        o - +10 whip of Crusades {flame, Int+2}
rCold   + + .        (no shield)
rNeg    + + +        d - +2 leather armour {rF+}
rPois   ∞            (no helmet)
rElec   .            n - +0 cloak of Ashenzari's Scepticism {Range, Bglg} (curse)
rCorr   .            (no gloves)
SInv    .            (no boots)
Will    +....        e - amulet of regeneration
Stlth   ++           C - ring of the Shattered Comet {rC+, rC+, Cun, Comp} (curse)
HPRegen 1.11/turn    (no ring)
MPRegen 0.13/turn

%: faith
@: no status effects
A: cold resistance 1, negative energy resistance 3, torment resistance 2, heat
vulnerability 1, in touch with death 1, no potions, faith
a: Renounce Religion, Shatter the Chains


You were on level 9 of the Dungeon.
You worshipped Ashenzari.
Ashenzari was aware of your devotion.
You visited 2 branches of the dungeon, and saw 10 of its levels.

You collected 539 gold pieces.

Inventory:

Hand Weapons
 a - the +6 arbalest "Itikutej" {heavy, rPois Will+}
   (You found it on level 7 of the Dungeon)

   rPois:     It protects you from poison.
   Will:      It increases your willpower.
 h - a +0 quarterstaff
   (You found it on level 2 of the Dungeon)
 o - the +10 whip of Crusades (weapon) {flame, Int+2}
   (You found it on level 6 of the Dungeon)

   Int:       It affects your intelligence (+2).
Missiles
 m - 2 throwing nets {=f, !d}
Armour
 d - a +2 leather armour of fire resistance (worn)
   (You found it on level 1 of the Dungeon)
 n - the cursed +0 cloak of Ashenzari's Scepticism (worn) {Range, Bglg}
   (You found it on level 7 of the Dungeon)

   It has a curse which improves the following skills: Ranged Combat: Ranged
   Weapons and Throwing.
   Beguiling: Conjurations, Hexes and Translocations.
Jewellery
 e - an amulet of regeneration (around neck)
   (You found it on level 1 of the Dungeon)
 l - an amulet of reflection
   (You found it on level 7 of the Dungeon)
 r - a ring of wizardry {wiz+}
   (You found it on level 7 of the Dungeon)
 C - the cursed ring of the Shattered Comet (left hand) {rC+, rC+, Cun, Comp}
   (You found it on level 2 of the Dungeon)

   [ring of protection from cold]

   rC:        It protects you from cold.
   It has a curse which improves the following skills: Cunning: Dodging and
   Stealth.
   Companions: Summonings and Necromancy.
Wands
 i - a wand of iceblast (9)
   (You found it on level 4 of the Dungeon)
 k - a wand of flame (25)
   (You found it on level 4 of the Dungeon)
 q - a wand of charming (4)
   (You found it on level 6 of the Dungeon)
 t - a wand of digging (4)
   (You found it on level 8 of the Dungeon)
Scrolls
 b - 2 scrolls of enchant weapon
 c - 7 scrolls of identify {@r1}
 f - 2 scrolls of vulnerability {!r!r}
 g - a scroll of immolation {!r}
 j - 3 scrolls of enchant armour
 p - a scroll of silence
 s - a scroll of fog
 u - a scroll of noise {!r}
 v - a scroll of amnesia


   Skills:
 - Level 6.0 Fighting
 - Level 1.5(2.1) Dodging
 - Level 1.5(2.1) Stealth
 - Level 3.0 Spellcasting
 * Level 6.1(6.9) Summonings
 - Level 8.0(8.8) Necromancy
 * Level 6.2 Air Magic


You had 6 spell levels left.
You knew the following spells:

 Your Spells              Type           Power      Damage    Failure   Level
a - Necrotise             Necr           100%       1d9       1%          1
b - Summon Lightning Spi  Summ/Air       29%        N/A       12%         4
x - Vampiric Draining     Necr           55%        2d9       1%          3

Your spell library contained the following spells:

 Spells                   Type           Power      Damage    Failure   Level
 Animate Dead             Necr           55%        N/A       4%          4
 Agony                    Necr           55%        N/A       14%         5
 Apportation              Tloc           6%         N/A       17%         1
 Freeze                   Ice            12%        1d3       19%         1
 Scorch                   Fire           6%         2d5       26%         2
 Frozen Ramparts          Ice            6%         1d1       47%         3
 Hailstorm                Conj/Ice       3%         3d3       47%         3
 Summon Cactus Giant      Summ           15%        N/A       85%         6
 Flame Wave               Conj/Fire      3%         2d5       87%         4
 Alistair's Intoxication  Tmut/Pois      2%         N/A       99%         5
 Maxwell's Capacitive Co  Air            13%        ∞         100%        8
 Storm Form               Tmut/Air       Unusable   N/A       N/A         7

Dungeon Overview and Level Annotations

Branches:
Dungeon (9/15)             Temple (1/1) D:5
   Lair: D:8-11         Orc: D:9-12

Altars:
Ashenzari
Cheibriados
Dithmenos
Fedhas
Gozag
Kikubaaqudgha
Makhleb
Nemelex Xobeh
Okawaru
Qazlal
Ru
Sif Muna
Trog
Uskayaw
Vehumet
Wu Jian
Xom
Yredelemnul


Innate Abilities, Weirdness & Mutations

You are immune to poison.
Your flesh is cold resistant. (rC+)
You are immune to negative energy. (rN+++)
You are immune to unholy pain and torment.
You are vulnerable to heat. (rF-)
You are in touch with the powers of death.
You do not drink.
You have a special connection with the divine. (Faith)


Message History

You completely miss the steam dragon. The steam dragon barely misses you.
The steam dragon claws you.
You take 2 damage, and have 51/69 hp.
You hit the steam dragon. You burn the steam dragon.
The steam dragon bites you. The steam dragon misses you.
You take 1 damage, and have 50/69 hp.
You hit the steam dragon. You burn the steam dragon.
You kill the steam dragon!
The steam dragon scales are intact enough to wear.
No target in view!
Found a stone staircase leading down.
Health restored: 69
There is a stone staircase leading down here.
You now have 539 gold pieces (gained 10).
Ashenzari invites you to partake of a vision and a curse of cunning and companions.
Your ring of protection from cold {rC+} glows black for a moment.
Ashenzari will now identify your possessions.
b - 2 scrolls of enchant weapon;
c - 7 scrolls of identify
f - 2 scrolls of vulnerability;
g - a scroll of immolation
j - 3 scrolls of enchant armour;
p - a scroll of silence;
s - a scroll of fog
u - a scroll of noise;
v - a scroll of amnesia Done exploring.
Done exploring.
(D) Dungeon (T) Temple
Where to? (Enter - D:8, ? - help)
There is a stone staircase leading down here.
You climb downwards.
The gnoll shouts!
You hear a shout!
There is a stone staircase leading up here.
There are monsters nearby!
You feel a surge of power!
The gnoll writhes in agony.
A gnoll sergeant comes into view. It is wielding a +6 spear.
A gnoll comes into view. It is wielding a +0 whip.
You now have 12/13 mp.
You feel a surge of power!
The gnoll writhes in agony.
You now have 11/13 mp.
You feel a surge of power!
The gnoll barely resists.
You now have 10/13 mp.
You feel a surge of power!
The gnoll writhes in agony.
The gnoll barely misses you.
You now have 9/13 mp.
You feel a surge of power!
The gnoll writhes in agony.
You kill the gnoll!
The dead are walking!
You now have 8/13 mp.
You feel a surge of power!
The gnoll writhes in agony.
You now have 7/13 mp.
You feel a surge of power!
The gnoll writhes in agony.
Your gnoll skeleton barely misses the gnoll.
The gnoll sergeant hits you from afar with a +6 spear!
The gnoll hits your gnoll skeleton with a +0 whip!
You take 10 damage, and have 59/69 hp.
You now have 6/13 mp.
You feel a surge of power!
The gnoll writhes in agony.
Your gnoll skeleton hits the gnoll.
The gnoll hits you with a +0 whip.
The gnoll sergeant hits you from afar with a +6 spear.
A steam dragon comes into view.
You take 8 damage, and have 51/69 hp.
You feel a surge of power!
The gnoll barely resists.
Your gnoll skeleton hits the gnoll.
The gnoll dies!
The gnoll sergeant hits you from afar with a +6 spear!
You take 12 damage, and have 39/69 hp.
You now have 5/13 mp.
You are too injured to fight recklessly!
You are too injured to fight recklessly!
You are too injured to fight recklessly!
You are too injured to fight recklessly!
Casting: Necrotise (safe; 1% risk of failure)
Aiming: Vampiric Draining (safe; 1% risk of failure)
Aim: a gnoll, wielding a +0 whip You feel a surge of power!
You draw life force from the gnoll!
You kill the gnoll!
You feel life coursing into your body.
The gnoll sergeant hits you from afar with a +6 spear.
You regained 2 hp, and now have 41/69 hp.
You now have 2/13 mp.
The gnoll sergeant hits you with a +6 spear!
Things that are here:
a +0 whip; a +0 whip; a gnoll corpse You take 13 damage, and have 28/69 hp.
You hit the gnoll sergeant. You burn the gnoll sergeant.
The gnoll sergeant hits you with a +6 spear.
You take 3 damage, and have 25/69 hp.
The gnoll sergeant blocks your attack.
The gnoll sergeant hits you with a +6 spear!
* * * LOW HITPOINT WARNING * * *
You take 7 damage, and have 18/69 hp.
Your gnoll skeleton barely misses the gnoll sergeant.
The gnoll sergeant hits you from afar with a +6 spear.
* * * LOW HITPOINT WARNING * * *
The steam dragon bites your gnoll skeleton.
The steam dragon barely misses your gnoll skeleton.
There is a stone staircase leading up here.
You take 5 damage, and have 13/69 hp.
The gnoll sergeant hits you from afar with a +6 spear!
* * * LOW HITPOINT WARNING * * *
The steam dragon breathes steam at you.
The ball of steam hits your gnoll skeleton!!
Your gnoll skeleton is destroyed!
The ball of steam hits you!!
You die...

#.#.#
#.#.# #
#.#.#
.###.#.#
....#.# .
#..#.# ...
#:#D#.....
#@§g......
###.#.....
.# ... ..
. .## .#
.. #.


You could see a steam dragon (catching breath) and a gnoll sergeant.

Vanquished Creatures
  Prince Ribbit (D:6)
  3 steam dragons (D:7 D:5 D:8)
  3 yaks (D:8)
  2 orc warriors (D:7 D:5)
  A sky beast (D:6)
  A centaur (D:5)
  2 phantoms (D:7)
  A kobold brigand (D:8)
  3 bullfrogs (D:7)
  3 gnoll sergeants (D:7 D:6)
  2 scorpions (D:5 D:6)
  2 wights (D:7)
  4 killer bees (D:8)
  2 howler monkeys (D:8)
  2 hounds (D:5)
  2 jellies (D:6 D:5)
  An orc priest (D:7)
  A sleepcap (D:5)
  3 gnoll boudas (D:4 D:6 D:8)
  2 iguanas (D:2 D:6)
  5 orc wizards (D:4 D:7 D:5)
  Natasha (twice) (D:3)
  27 gnolls (D:3 D:4 D:7 D:6 D:8)
  8 adders (D:2 D:3 D:4 D:6)
  3 white imps (D:2 D:5 D:7)
  2 ufetubi (D:6 D:5)
  2 worms (D:2 D:3)
  23 orcs (D:3 D:4 D:7 D:6 D:5)
  9 bats (D:1 D:2 D:3)
  5 endoplasms (D:2 D:3 D:4)
  3 giant cockroaches (D:2 D:3 D:4)
  11 goblins (D:1 D:2 D:3 D:4)
  5 hobgoblins (D:1 D:2 D:3)
  7 jackals (D:4 D:5)
  4 quokkas (D:2 D:3 D:4)
  4 ball pythons (D:1 D:2 D:3)
  5 frilled lizards (D:1 D:2 D:3)
  7 kobolds (D:2 D:8 D:7)
  2 rats (D:1)
175 creatures vanquished.

Vanquished Creatures (collateral kills)
  A wight (D:7)
  A sleepcap (D:7)
  4 gnolls (D:4 D:7 D:9)
  An orc (D:7)
  A frilled lizard (D:3)
  2 goblins (D:2)
10 creatures vanquished.

Grand Total: 185 creatures vanquished

Notes
Turn   | Place    | Note
-------+----------+-------------------------------------------
     0 | D:1      | Jackthecabe the Mummy Necromancer began the quest for the
                  | Orb.
     0 | D:1      | Reached XP level 1. HP: 13/13 MP: 4/4
   299 | D:1      | Reached skill level 3 in Spellcasting
   434 | D:1      | Found Bigetsoe's Distillery.
   441 | D:1      | Reached XP level 2. HP: 19/19 MP: 4/6
  1167 | D:2      | Gained mutation: You are in touch with the powers of death.
                  | [Mummy growth]
  1167 | D:2      | Reached XP level 3. HP: 24/24 MP: 5/7
  1171 | D:2      | Learned a level 3 spell: Vampiric Draining
  1298 | D:2      | Reached skill level 5 in Necromancy
  1663 | D:2      | Reached XP level 4. HP: 30/30 MP: 3/8
  2149 | D:3      | Noticed Natasha
  2297 | D:3      | Killed Natasha
  2421 | D:3      | Reached skill level 6 in Necromancy
  2556 | D:3      | Reached XP level 5. HP: 25/35 MP: 1/9
  2708 | D:3      | Noticed Natasha
  2712 | D:3      | Killed Natasha
  3656 | D:4      | Reached skill level 7 in Necromancy
  3975 | D:4      | Reached XP level 6. HP: 41/41 MP: 2/10
  4340 | D:5      | Entered Level 5 of the Dungeon
  4340 | D:5      | You fall into a shaft and drop 2 floors!
  4367 | D:7      | Noticed a steam dragon
  4374 | D:7      | Killed a steam dragon
  4375 | D:7      | Reached skill level 8 in Necromancy
  4461 | D:7      | Reached skill level 1 in Fighting
  4504 | D:7      | Reached skill level 2 in Fighting
  4504 | D:7      | Reached XP level 7. HP: 48/50 MP: 5/11
  4518 | D:7      | Reached skill level 1 in Summonings
  4518 | D:7      | Reached skill level 1 in Air Magic
  4792 | D:7      | HP: 24/51 [orc warrior/+0 hand axe (7)]
  4794 | D:7      | Reached skill level 3 in Fighting
  5355 | D:7      | Identified the +6 arbalest "Itikutej" {heavy, rPois Will+}
  5373 | D:6      | Reached skill level 2 in Summonings
  5373 | D:6      | Reached skill level 2 in Air Magic
  5407 | D:6      | Learned a level 4 spell: Summon Lightning Spire
  5620 | D:6      | Reached skill level 4 in Fighting
  5785 | D:6      | Reached XP level 8. HP: 48/60 MP: 5/12
  5789 | D:6      | HP: 25/60 [gnoll sergeant/+0 spear (8)]
  6002 | D:6      | Identified the +10 whip of Crusades {flame, Int+2}
  6120 | D:5      | Reached skill level 3 in Summonings
  6283 | D:5      | Reached skill level 3 in Air Magic
  6408 | D:5      | HP: 29/60 [steam dragon/ball of steam (11)]
  6709 | D:5      | Reached skill level 4 in Summonings
  6709 | D:5      | Reached skill level 4 in Air Magic
  7078 | D:5      | Found a staircase to the Ecumenical Temple.
  7085 | Temple   | Entered the Ecumenical Temple
  7241 | Temple   | Became a worshipper of Ashenzari the Shackled
  8073 | D:7      | HP: 30/60 [wight/+3 falchion of freezing (8)]
  8075 | D:7      | Reached XP level 9. HP: 28/65 MP: 7/13
  8517 | D:6      | Reached skill level 5 in Summonings
  8542 | D:7      | Reached skill level 5 in Air Magic
  8569 | D:7      | Noticed Prince Ribbit
  8614 | D:6      | Killed Prince Ribbit
  9202 | D:8      | Reached skill level 6 in Summonings
  9202 | D:8      | Reached skill level 6 in Air Magic
  9329 | D:8      | Reached skill level 5 in Fighting
  9634 | D:8      | Reached skill level 6 in Fighting
  9941 | D:8      | Found a burning altar of Makhleb.
 10013 | D:8      | Reached * piety under Ashenzari
 10042 | D:9      | HP: 28/69 [gnoll sergeant/+6 spear (14)]
 10045 | D:9      | HP: 13/69 [gnoll sergeant/+6 spear (6)]
 10046 | D:9      | Killed from afar by a steam dragon

Illustrated notes

Levels and vault maps discovered:
D:1:      zelgadis_glass_arrival_small, layout_rooms, serial_shops, shop
D:2:      cheibrodos_greedy_goblins, layout_basic, patterned_corridor
D:3:      kb_forest_paths, layout_basic, uniq_natasha
D:4:      layout_gridville, grunt_decor_resistance
D:5:      layout_basic, minmay_temple_entry_nine_rooms
D:6:      layout_basic
D:7:      layout_gridville, grunt_ministairs_9, uniq_prince_ribbit1
D:8:      layout_loops_ring, lemuel_doored_altar, minmay_misc_feat_cross
D:9:      layout_basic, minmay_misc_feat_room, grunt_ministairs_4, st_stairs_1
Temple:   mainiacjoe_temple_big_plus

Skill      XL: |  1  2  3  4  5  6  7  8  9 |
---------------+----------------------------+-----
Spellcasting   | 3 |  3.0
Necromancy     | 5 6 7 8 |  8.0
Fighting       | 2 4 6 |  6.0
Summonings     | 2 4 6 |  6.1
Air Magic      | 2 4 6 |  6.2
Dodging        | |  1.5
Stealth        | |  1.5

Action                     |  1- 3 |  4- 6 |  7- 9 || total
---------------------------+-------+-------+-------++-------
  Melee: Quarterstaff      |       |    17 |    19 ||    36
         Whip              |       |       |   139 ||   139
         Punch             |       |       |     3 ||     3
   Cast: Necrotise         |    46 |   103 |   203 ||   352
         Vampiric Draining |       |       |    32 ||    32
         Summon Lightning  |       |       |     1 ||     1
 Invoke: Curse Item        |       |       |     2 ||     2
  Evoke: Wand              |       |     5 |       ||     5
   Stab: Distracted        |       |     1 |       ||     1
 Armour: Robe              |     1 |       |       ||     1
         Leather armour    |       |     9 |    88 ||    97
  Dodge: Dodged            |     5 |    23 |   187 ||   215

Levels and vault maps discovered:
D:1:      zelgadis_glass_arrival_small, layout_rooms, serial_shops, shop
D:2:      cheibrodos_greedy_goblins, layout_basic, patterned_corridor
D:3:      kb_forest_paths, layout_basic, uniq_natasha
D:4:      layout_gridville, grunt_decor_resistance
D:5:      layout_basic, minmay_temple_entry_nine_rooms
D:6:      layout_basic
D:7:      layout_gridville, grunt_ministairs_9, uniq_prince_ribbit1
D:8:      layout_loops_ring, lemuel_doored_altar, minmay_misc_feat_cross
D:9:      layout_basic, minmay_misc_feat_room, grunt_ministairs_4, st_stairs_1
Temple:   mainiacjoe_temple_big_plus

Table legend: (Time is in decaauts)
 A = Elapsed time spent in this place.
 B = Non-inter-level travel time spent in this place.
 C = Inter-level travel time spent in this place.
 D = Time resting spent in this place.
 E = Time spent auto-exploring this place.
 F = Levels seen in this place.
 G = Mean time per level.
                   A        B        C        D        E       F      G
               +--------+--------+--------+--------+--------+-----+--------+
         Total |  10083 |   9864 |    219 |   1503 |   6573 |  10 | 1008.3 |
       Dungeon |   9674 |   9476 |    198 |   1503 |   6208 |   9 | 1074.9 |
        Temple |    408 |    387 |     21 |      0 |    365 |   1 |  408.0 |
               +--------+--------+--------+--------+--------+-----+--------+

Top non-repeatable levels by time:
     D:7: 1611 daAuts
     D:6: 1498 daAuts
     D:3: 1452 daAuts
     D:5: 1262 daAuts
     D:2: 1251 daAuts
     D:4: 1000 daAuts
     D:8: 935 daAuts
     D:1: 647 daAuts
  Temple: 408 daAuts
     D:9: 15 daAuts

Table legend:
 A = Kills in this place as a percentage of kills in the entire game.
 B = Kills by you in this place as a percentage of kills by you in the entire game.
 C = Kills by friends in this place as a percentage of kills by friends in the entire game.
 D = Other kills in this place as a percentage of other kills in the entire game.
 E = Experience gained in this place as a percentage of experience gained in the entire game.
 F = Experience gained in this place divided by the number of levels of this place that you have seen.
                   A       B       C       D       E      F
               +-------+-------+-------+-------+-------+----------------------
         Total | 100.0 | 100.0 | 100.0 |   N/A | 100.0 | 505.1
       Dungeon | 100.0 | 100.0 | 100.0 |   N/A | 100.0 | 561.2
               +-------+-------+-------+-------+-------+----------------------
